 Dungeon Crawl Stone Soup version 0.17.0-28-g6e173f8 (webtiles) character file.

282 Raultor the Changer (level 6, -18/45 HPs)
             Began as an Octopode Transmuter on Nov 22, 2015.
             Was a Follower of Makhleb.
             Demolished by an orc warrior
             ... wielding a +0 long sword
              (20 damage)
             ... on level 4 of the Dungeon.
             The game lasted 00:10:55 (3651 turns).

Raultor the Changer (Octopode Transmuter)           Turns: 3651, Time: 00:10:55

Health: -18/45     AC:  5    Str: 11 (14) XL:     6   Next: 28%
Magic:  15/18      EV: 10    Int: 16      God:    Makhleb [*.....]
Gold:   187        SH:  0    Dex: 12      Spells: 3 memorised, 1 level left

rFire  x . .     SeeInvis .       - Unarmed
rCold  + + +     Clarity  .     (shield currently unavailable)
rNeg   . . .     SustAt   .     (helmet currently unavailable)
rPois  +         Gourm    .     (no amulet)
rElec  .         Spirit   .     e - ring of magical power
rCorr  .         Warding  .     k - +3 ring of strength
rMut   .         Stasis   .     (no ring)
MR     .....                    (no ring)
Stlth  +.........               (no ring)
                                (no ring)
                                (no ring)
                                (no ring)

@: ice-form, not resistant to hostile enchantments, very unstealthy
A: almost no armour, amphibious, 8 rings, (constrict 8), (camouflage 0),
(gelatinous body 0)
a: End Transformation, Renounce Religion


You were on level 4 of the Dungeon.
You worshipped Makhleb.
Makhleb was aware of your devotion.
You were hungry.
You were a creature of crystalline ice.
You visited 1 branch of the dungeon, and saw 4 of its levels.

You collected 187 gold pieces.

Inventory:

Hand Weapons
 a - a +0 blowgun
 u - a +4 quarterstaff of chaos (melded)
Missiles
 m - 13 poisoned needles
 o - 12 arrows
Jewellery
 e - a ring of magical power (left front paw)
 k - a +3 ring of strength (right front paw)
Wands
 j - a wand of frost (22)
Scrolls
 d - a scroll of enchant weapon
 f - 4 scrolls of magic mapping
 g - a scroll of amnesia {unknown}
 h - a scroll of identify
 n - 2 scrolls of immolation
 t - 2 scrolls of enchant armour
Potions
 i - 2 potions of degeneration
 l - a potion of agility {unknown}
 s - 2 potions of curing {unknown}
 w - a potion of magic {unknown}
Books
 b - a book of Changes

   Spells                             Type                      Level
   a - Beastly Appendage              Transmutation                1
   b - Sticks to Snakes               Transmutation                2
   c - Spider Form                    Transmutation/Poison         3
   d - Ice Form                       Ice/Transmutation            4
   e - Blade Hands                    Transmutation                5
Comestibles
 c - a bread ration
 q - 4 meat rations


   Skills:
 - Level 1.0 Fighting
 - Level 2.0 Dodging
 - Level 3.0 Unarmed Combat
 - Level 2.0 Spellcasting
 + Level 5.7 Transmutations
 * Level 2.5 Ice Magic


You had one spell level left.
You knew the following spells:

 Your Spells              Type           Power        Failure   Level  Hunger
a - Beastly Appendage     Trmt           ###...       1%          1    #......
b - Spider Form           Trmt/Pois      ##........   21%         3    ###....
c - Ice Form              Ice/Trmt       ##......     38%         4    #####..


Dungeon Overview and Level Annotations

Branches:
Dungeon (4/15)
 Temple: D:4-7

Altars:
Dithmenos
Elyvilon
Gozag
Makhleb
Nemelex Xobeh
Sif Muna
Zin
The Shining One

Shops:
D:3 *


Innate Abilities, Weirdness & Mutations

You cannot wear most types of armour.
You are amphibious.
You can wear up to eight rings at the same time.
((You can use your tentacles to constrict eight enemies at once.))
((Your skin changes colour to match your surroundings (Stealth).))
((Your rubbery body absorbs attacks (AC +1).))


Message History

The orc warrior hits you with a long sword!
You hit the orc warrior but do no damage.
The orc warrior is moderately wounded.
The orc warrior hits you with a long sword.
You closely miss the orc warrior.
The orc warrior is moderately wounded.
The orc warrior closely misses you.
You closely miss the orc warrior.
The orc warrior is moderately wounded.
You barely miss the orc warrior.
The orc warrior is moderately wounded.
The orc warrior hits you with a long sword!!
Ouch! That really hurt!
* * * LOW HITPOINT WARNING * * *
Drink which item? (? for menu, Esc to quit)
It was a potion of degeneration.
There was something very wrong with that liquid.
You feel weakened.
The orc warrior hits you with a long sword!!
You die...

## ### #.##<#
#..#.# #..#.#
# #..#o# #.
#.#..#o# #.#
#....#o# #.#
######.#Y#
#.#
#........+
#.#
#.#.##.###
#.###.#.##.#
#.....#+##..
#........####
#........#
#........#
#........#


You could see an orc warrior and 2 orcs.

Vanquished Creatures
  A water moccasin skeleton (D:3)
  An orc wizard (D:3)
  An orc priest (D:3)
  Crazy Yiuf (D:3)
  A worker ant (D:4)
  3 adders
  An ooze (D:3)
  4 worms
  2 orcs
  11 hobgoblins
  15 kobolds
  3 quokkas
  9 bats
  4 giant cockroaches
  3 giant geckos (D:2)
  2 giant newts
  8 goblins
  6 rats
76 creatures vanquished.

Notes
Turn   | Place    | Note
--------------------------------------------------------------
     0 | D:1      | Raultor the Octopode Transmuter began the quest for the Orb.
     0 | D:1      | Reached XP level 1. HP: 13/13 MP: 3/3
   148 | D:1      | Reached XP level 2. HP: 2/18 MP: 5/5
  1459 | D:2      | Reached XP level 3. HP: 23/23 MP: 6/6
  1464 | D:2      | Learned a level 3 spell: Spider Form
  1746 | D:2      | Reached skill level 4 in Transmutations
  1760 | D:2      | Found a sparkling altar of Nemelex Xobeh.
  1776 | D:2      | Reached XP level 4. HP: 20/28 MP: 7/7
  1996 | D:2      | Found a burning altar of Makhleb.
  2002 | D:2      | Found a glowing golden altar of the Shining One.
  2002 | D:2      | Found an opulent altar of Gozag.
  2013 | D:2      | Became a worshipper of Makhleb the Destroyer
  2384 | D:2      | Found a deep blue altar of Sif Muna.
  2552 | D:3      | Found a glowing silver altar of Zin.
  2553 | D:3      | Found Zin's Purification Station.
  2569 | D:3      | Found a faded altar to an unknown god.
  2638 | D:3      | Noticed Crazy Yiuf
  2667 | D:3      | Killed Crazy Yiuf
  2667 | D:3      | Reached skill level 5 in Transmutations
  2708 | D:3      | Reached XP level 5. HP: 29/33 MP: 8/8
  2715 | D:3      | Learned a level 4 spell: Ice Form
  2779 | D:3      | Reached * piety under Makhleb
  2779 | D:3      | Found a shadowy altar of Dithmenos.
  2801 | D:3      | Reached skill level 1 in Ice Magic
  2818 | D:3      | HP: 1/33 [water moccasin skeleton (1)]
  2820 | D:3      | Reached XP level 6. HP: 1/38 MP: 9/9
  3397 | D:4      | Found a white marble altar of Elyvilon.
  3650 | D:4      | HP: 1/45 [orc warrior/long sword (27)]
  3651 | D:4      | Demolished by an orc warrior

Action                   |  1- 3 |  4- 6 || total
-------------------------+-------+-------++-------
Melee: Unarmed           |    81 |    67 ||   148
       Quarterstaff      |       |    30 ||    30
 Cast: Beastly Appendage |     2 |       ||     2
       Spider Form       |     2 |     3 ||     5
       Ice Form          |       |     1 ||     1
  Use: Scroll            |       |     9 ||     9
       Potion            |       |     1 ||     1
 Stab: Sleeping          |     5 |     4 ||     9
  Eat: Chunk             |     3 |     6 ||     9
